 Dungeon Crawl Stone Soup version 0.28.0-47-ge53b351184 (webtiles) character file.

Game seed: 13846655227256135986

61 GigaChad the Shield-Bearer (level 3, -7/33 HPs)
             Began as a Minotaur Fighter on Apr 26, 2022.
             Was an Initiate of Ashenzari.
             Killed from afar by a white imp (8 damage)
             ... with a puff of frost
             ... on level 6 of the Dungeon.
             The game lasted 00:07:47 (1879 turns).

GigaChad the Shield-Bearer (Minotaur Fighter)       Turns: 1879, Time: 00:07:48

Health: -7/33      AC:  7    Str: 20    XL:     3   Next: 83%
Magic:  2/2        EV:  9    Int:  5    God:    Ashenzari [......]
Gold:   170        SH:  5    Dex: 11    Spells: 2/2 levels left

rFire   . . .      SeeInvis .   a - +0 long sword
rCold   . . .      Faith    .   c - +0 buckler
rNeg    . . .      Spirit   .   b - +0 scale mail
rPois   .          Reflect  .   (helmet restricted)
rElec   .          Harm     .   (no cloak)
rCorr   .          Rampage  .   (no gloves)
Will    .....                   (no boots)
Stlth   ..........              (no amulet)
HPRegen 0.11/turn               (no ring)
MPRegen 0.08/turn               (no ring)

@: no status effects
A: horns 2, retaliatory headbutt
a: Renounce Religion


You were on level 6 of the Dungeon.
You worshipped Ashenzari.
Ashenzari was noncommittal.
You visited 1 branch of the dungeon, and saw 4 of its levels.

You collected 170 gold pieces.

Inventory:

Hand Weapons
 a - a +0 long sword (weapon)
 h - a +0 halberd
 n - a +0 mace of holy wrath
Armour
 b - a +0 scale mail (worn)
 c - a +0 buckler (worn)
Jewellery
 q - an amulet of the acrobat
Scrolls
 e - a scroll of silence
 g - a scroll of blinking
 i - a scroll of identify
 l - a scroll of enchant armour
 m - a scroll of teleportation
 r - a scroll of enchant weapon
Potions
 d - a potion of might
 f - a potion of attraction {unknown}
 j - 2 potions of heal wounds {unknown}
 k - 2 potions of curing {unknown}
 o - a potion of flight {unknown}
 p - a potion of haste {unknown}


   Skills:
 + Level 3.9 Fighting
 + Level 3.0 Long Blades
 + Level 4.2 Armour
 + Level 0.6 Dodging
 + Level 4.7 Shields


You had 2 spell levels left.
You didn't know any spells.
Your spell library contained the following spells:

 Spells                   Type           Power      Damage    Failure   Level
 Magic Dart               Conj           0%         1d3       88%         1
 Call Imp                 Summ           0%         N/A       96%         2
 Mephitic Cloud           Conj/Pois/Air  0%         N/A       99%         3


Dungeon Overview and Level Annotations

Branches:
Dungeon (3/15)

Altars:
Ashenzari
Sif Muna


Innate Abilities, Weirdness & Mutations

You have a pair of horns on your head.
You reflexively headbutt those who attack you in melee.


Message History

Found a stone staircase leading up.
Found a book of Minor Magic.
There is a stone staircase leading up here.
Found 11 arrows.
You pick up a book of Minor Magic and begin reading...
You add the spells Magic Dart, Call Imp and Mephitic Cloud to your library.
Okay, then.
Found 12 gold pieces.
Found a stone staircase leading up.
A white imp comes into view.
Found a scroll labelled OHOIKE HE TIMM.
The white imp shouts!
You hear a bark!
Something shouts, "Scamper hence, thou fulsome tickle-brained nothing!"
Found 9 gold pieces.
The white imp gestures at you. The puff of frost hits you!
Found 10 gold pieces.
A white imp comes into view.
Found 5 gold pieces.
The white imp gestures at you. The puff of frost hits you!
A hound comes into view.
The hound barks!
The white imp hits you. The white imp freezes you.
* * * LOW HITPOINT WARNING * * *
A bullfrog comes into view.
The white imp gestures at you. The puff of frost hits you.
* * * LOW HITPOINT WARNING * * *
You barely miss the hound.
The bullfrog croaks.
The white imp hits you but does no damage.
The hound barely misses you. The white imp hits you.
* * * LOW HITPOINT WARNING * * *
The white imp freezes you.
* * * LOW HITPOINT WARNING * * *
The hound bites you but does no damage. The white imp gestures at you.
The puff of frost hits you!
You die...

.. .... ###.. ....# ..$.
..... #... $..$..
#...####......
###.............
.?...##..#.....
########..##.h#.$# ....
.......@5...#.# #..
........5...F... #.#
####......##.....
#####.###..........#...#.
...##.<.......(....# ..#
...##.###..........# .#
...##.##......####......
...##.##......# .#..##
......##......# ....#


You could see a bullfrog, a hound and 2 white imps.

Vanquished Creatures
  2 adders
  2 orcs (D:3)
  2 endoplasms
  3 giant cockroaches
  7 goblins
  2 hobgoblins (D:2)
  2 kobolds
  2 quokkas
  4 ball pythons
  2 bats (D:1)
  8 frilled lizards
  4 rats
40 creatures vanquished.

Notes
Turn   | Place    | Note
-------+----------+-------------------------------------------
     0 | D:1      | GigaChad the Minotaur Fighter began the quest for the Orb.
     0 | D:1      | Reached XP level 1. HP: 19/19 MP: 0/0
   332 | D:1      | Reached XP level 2. HP: 27/27 MP: 1/1
   865 | D:2      | Reached XP level 3. HP: 26/33 MP: 2/2
   947 | D:2      | Noticed a shining eye
   966 | D:2      | Found a faded altar of an unknown god.
   969 | D:2      | Noticed a great orb of eyes
   969 | D:2      | Noticed an eye of devastation
   969 | D:2      | Noticed a shining eye
   980 | D:2      | Prayed at the altar of an unknown god.
   980 | D:2      | Became a worshipper of Sif Muna the Loreminder
   980 | D:2      | Reached * piety under Sif Muna
  1638 | D:3      | Found a broken altar of Ashenzari.
  1659 | D:3      | Fell from the grace of Sif Muna
  1659 | D:3      | Became a worshipper of Ashenzari the Shackled
  1837 | D:3      | You fall into a shaft and drop 3 floors!
  1877 | D:6      | Noticed a bullfrog
  1878 | D:6      | HP: 1/33 [white imp (2)]
  1879 | D:6      | Killed from afar by a white imp

Illustrated notes

Levels and vault maps discovered:
D:1:      wheals_arrival_shading, layout_loops_ring
D:2:      layout_rooms, hellmonk_ecumenical_altar_watching_god
D:3:      kennysheep_the_goblin_king, layout_loops_cross,
          ashenzari_conservatory_becter
D:6:      layout_basic

Skill      XL: |  1  2  3 |
---------------+----------+-----
Shields        | 4 |  4.7
Armour         | 4 |  4.2
Long Blades    | 3 |  3.0
Fighting       | |  3.9
Dodging        | |  0.6

Action                   || total
-------------------------++-------
Melee: Long sword        ||   103
       Headbutt          ||    12
  Use: Scroll            ||     6
Armor: Scale mail        ||    46
Dodge: Dodged            ||    61
Block: Buckler           ||    29
